 Dungeon Crawl Stone Soup version 0.29.0-4-gdea44cf6ec (webtiles) character file.

Game seed: 13807278186132803661

263 qw the Chopper (level 6, -4/35 HPs)
             Began as a Tengu Warper on Aug 28, 2022.
             Slain by Duvessa
             ... wielding a +2 short sword of protection
              (5 damage)
             ... on level 4 of the Dungeon.
             The game lasted 00:00:21 (4108 turns).

qw the Chopper (Tengu Warper)                       Turns: 4108, Time: 00:00:22

Health: -4/35      AC: 10    Str: 13    XL:     6   Next: 19%
Magic:  10/10      EV: 11    Int: 13    God:
Gold:   172        SH:  0    Dex: 14    Spells: 9/9 levels left

rFire   . . .      SeeInvis .   Y - +0 hand axe
rCold   . . .      Faith    .   (no shield)
rNeg    . . .      Spirit   .   k - +0 scale mail
rPois   .          Reflect  .   e - +2 hat
rElec   .          Harm     .   (no cloak)
rCorr   .          Rampage  .   (no gloves)
Will    .....                   (boots unavailable)
Stlth   ..........              (no amulet)
HPRegen 0.11/turn               (no ring)
MPRegen 0.12/turn               (no ring)

@: confused, flying quickly and evasively, quick
A: beak, talons 3, nimble flight, iridescent scales 1, screaming 1, noise
suppression
a: no special abilities


You were on level 4 of the Dungeon.
You visited 1 branch of the dungeon, and saw 4 of its levels.

You collected 172 gold pieces.


Innate Abilities, Weirdness & Mutations

You have a beak for a mouth.
You have claws for feet.
Your magical nature lets you fly swiftly and evasively.
You are partially covered in iridescent scales. (AC +2)
You occasionally shout uncontrollably at your foes.
You passively dampen the noise of your surroundings.


   Skills:
 - Level 2.0 Fighting
 + Level 6.9 Axes
 - Level 1.0 Throwing
 - Level 1.1 Armour
 - Level 2.1 Dodging
 - Level 2.0 Spellcasting
 - Level 2.4 Translocations


You had 9 spell levels left.
You didn't know any spells.
Your spell library contained the following spells:

 Spells                   Type           Power      Damage    Failure   Level
 Blink                    Tloc           14%        N/A       56%         2
 Gell's Gravitas          Tloc           7%         N/A       80%         3
 Lesser Beckoning         Tloc           7%         N/A       80%         3
 Teleport Other           Tloc           7%         N/A       80%         3
 Manifold Assault         Tloc           7%         N/A       100%        5

Inventory:

Hand Weapons
 f - a +0 whip
 Y - a +0 hand axe (weapon)
Missiles
 b - 5 boomerangs (quivered)
Armour
 e - a +2 hat (worn)
 k - a +0 scale mail (worn)
Scrolls
 c - a scroll of identify
Potions
 a - 2 potions of mutation
 g - a potion of haste

Dungeon Overview and Level Annotations

Branches:
Dungeon (4/15)
 Temple: D:4-7

Altars:
Xom

Annotations:
D:4 Duvessa


Message History

Duvessa hits you with a +2 short sword of protection.
The orc wizard hits you with a +0 dagger.
The orc barely misses you. The orc hits you with a +0 short sword.
The orc wizard mumbles some strange words.
The orc wizard flickers and vanishes!
Deactivating autopickup; reactivate with Ctrl-A.
Duvessa hits you but does no damage.
You hit the orc but do no damage. Your kick misses the orc.
The orc is moderately wounded.
You hit the orc.
You kill the orc!
You miss something. You hit Duvessa. The orc hits you but does no damage.
Something hits you but does no damage. Duvessa completely misses you.
You hit Duvessa but do no damage. Your kick misses Duvessa.
Duvessa is severely wounded.
You barely miss something. You miss the orc.
Duvessa hits you with a +2 short sword of protection.
The orc barely misses you. Something hits you but does no damage.
You miss Duvessa. Your kick misses Duvessa.
Duvessa is severely wounded.
You closely miss something. You barely miss the orc.
You feel less confused.
You hear some strange, mumbled words.
You are confused.
The orc hits you with a +0 short sword. Duvessa completely misses you.
Duvessa hits you with a +2 short sword of protection.
Duvessa hits you but does no damage.
You closely miss Duvessa. You claw Duvessa, but do no damage.
Duvessa is severely wounded.
You closely miss the orc. You closely miss Duvessa. Your kick misses Duvessa.
Your peck misses Duvessa.
Duvessa is severely wounded.
You closely miss the orc. Duvessa completely misses you.
You completely miss something. Your kick misses something.
Your peck misses something. You hit Duvessa but do no damage.
Duvessa hits you with a +2 short sword of protection.
You die...

#..... .###.#
#....###.....#
#.....#........
#.....#.....#..
.####..<#.#........
.................#
..###.....#.....#
#...#.......##.
##.###@........ #.
#.e...>#.$ #.
#o..##...#
...>..))!.(.....
...##.##..#...#. #.
#.....#.. .
........# ..
.###..... .. .
##.##


You could see Duvessa and an orc.

Vanquished Creatures
  An orc priest (D:2)
  Terence (D:3)
  An orc wizard (D:4)
  Robin (D:3)
  4 gnolls (D:3)
  4 adders
  2 worms
  4 dart slugs
  6 orcs
  7 ball pythons
  3 endoplasms
  A giant cockroach (D:1)
  15 goblins
  5 hobgoblins
  4 jackals (D:1)
  3 kobolds (D:1)
  4 quokkas
  8 bats
  2 frilled lizards (D:2)
  6 rats
82 creatures vanquished.

Vanquished Creatures (others)
  A fungus (D:1)
  5 plants (D:1)
6 creatures vanquished.

Grand Total: 88 creatures vanquished

Notes
Turn   | Place    | Note
-------+----------+-------------------------------------------
     0 | D:1      | qw the Tengu Warper began the quest for the Orb.
     0 | D:1      | Reached XP level 1. HP: 12/12 MP: 4/4
     0 | D:1      | 0 ||| qw: Version: 0.1-a-89-g26bdef1
     0 | D:1      | 0 ||| qw: Game counter: 1922
     0 | D:1      | 0 ||| qw: Always use a shield: true
     0 | D:1      | 0 ||| qw: God list: Okawaru
     0 | D:1      | 0 ||| qw: Allow faded altars: false
     0 | D:1      | 0 ||| qw: Do Orc after D:15 true
     0 | D:1      | 0 ||| qw: Do second Lair branch before Depths: true
     0 | D:1      | 0 ||| qw: Lair rune preference: random
     0 | D:1      | 0 ||| qw: Plans: Normal
     0 | D:1      | 0 ||| PLANNING D:1-11
    87 | D:1      | Reached skill level 3 in Axes
    87 | D:1      | Reached XP level 2. HP: 15/17 MP: 6/6
   203 | D:1      | 203 ||| DROPPING +0 club.
   262 | D:1      | 262 ||| Stepping ~*~*~tactically~*~*~ (hiding).
   331 | D:1      | 331 ||| Stepping ~*~*~tactically~*~*~ (stealth).
   332 | D:1      | 332 ||| Stepping ~*~*~tactically~*~*~ (hiding).
   338 | D:1      | 338 ||| Stepping ~*~*~tactically~*~*~ (stealth).
   356 | D:1      | 356 ||| Stepping ~*~*~tactically~*~*~ (stealth).
   368 | D:1      | 368 ||| Stepping ~*~*~tactically~*~*~ (stealth).
   369 | D:1      | 369 ||| Stepping ~*~*~tactically~*~*~ (stealth).
   370 | D:1      | 370 ||| Stepping ~*~*~tactically~*~*~ (stealth).
   372 | D:1      | 372 ||| Stepping ~*~*~tactically~*~*~ (stealth).
   387 | D:1      | 387 ||| Stepping ~*~*~tactically~*~*~ (stealth).
   389 | D:1      | 389 ||| Stepping ~*~*~tactically~*~*~ (stealth).
   391 | D:1      | 391 ||| Stepping ~*~*~tactically~*~*~ (stealth).
   393 | D:1      | 393 ||| Stepping ~*~*~tactically~*~*~ (stealth).
   395 | D:1      | 395 ||| Stepping ~*~*~tactically~*~*~ (stealth).
   397 | D:1      | 397 ||| Stepping ~*~*~tactically~*~*~ (stealth).
   399 | D:1      | 399 ||| Stepping ~*~*~tactically~*~*~ (stealth).
   401 | D:1      | 401 ||| Stepping ~*~*~tactically~*~*~ (stealth).
   419 | D:1      | Found a faded altar of an unknown god.
   481 | D:1      | 481 ||| Stepping ~*~*~tactically~*~*~ (stealth).
   760 | D:1      | Reached XP level 3. HP: 21/21 MP: 7/7
  1193 | D:1      | Reached skill level 4 in Axes
  1509 | D:1      | 1509 ||| UPGRADING to +0 scale mail.
  1519 | D:1      | 1519 ||| DROPPING +0 leather armour.
  1520 | D:1      | 1520 ||| READING scroll labelled KIAXTA GO PYAR.
  1521 | D:1      | 1521 ||| READING scroll labelled XASURR IS XUO.
  1525 | D:1      | 1525 ||| DRINKING 2 dark potions.
  1526 | D:1      | 1526 ||| DROPPING scroll of blinking.
  1661 | D:2      | 1661 ||| Stepping ~*~*~tactically~*~*~ (stealth).
  1815 | D:2      | 1815 ||| Stepping ~*~*~tactically~*~*~ (stealth).
  1822 | D:2      | 1822 ||| Stepping ~*~*~tactically~*~*~ (stealth).
  1823 | D:2      | 1823 ||| Stepping ~*~*~tactically~*~*~ (stealth).
  1825 | D:2      | 1825 ||| Stepping ~*~*~tactically~*~*~ (stealth).
  1835 | D:2      | HP: 5/21 [orc priest/+0 club (2)]
  1838 | D:2      | Reached skill level 5 in Axes
  1838 | D:2      | Reached XP level 4. HP: 7/26 MP: 8/8
  2097 | D:2      | HP: 6/26 [poisoned by an adder]
  2790 | D:2      | 2790 ||| READING scroll labelled GER FOCUEL.
  2791 | D:2      | 2791 ||| DRINKING 3 emerald potions.
  2792 | D:2      | 2792 ||| Stepping randomly (stuck).
  2793 | D:2      | 2793 ||| Stepping ~*~*~tactically~*~*~ (cloud).
  2799 | D:2      | HP: 6/26 [poisoned by you (poison gas)]
  3105 | D:3      | Noticed Terence
  3110 | D:3      | 3110 ||| Stepping ~*~*~tactically~*~*~ (stealth).
  3111 | D:3      | 3111 ||| Stepping ~*~*~tactically~*~*~ (stealth).
  3118 | D:3      | Killed Terence
  3119 | D:3      | Gained mutation: Your magical nature lets you fly swiftly
                  | and evasively. [Tengu growth]
  3119 | D:3      | Reached XP level 5. HP: 15/30 MP: 9/9
  3361 | D:3      | Noticed Robin
  3376 | D:3      | HP: 7/30 [Robin/+0 club (3)]
  3377 | D:3      | 3377 ||| READING scroll of teleportation.
  3377 | D:3      | HP: 1/30 [gnoll/+0 whip (6)]
  3378 | D:3      | 3378 ||| DRINKING 2 potions of heal wounds.
  3400 | D:3      | Reached skill level 6 in Axes
  3454 | D:3      | 3454 ||| Stepping ~*~*~tactically~*~*~ (stealth).
  3455 | D:3      | 3455 ||| Stepping ~*~*~tactically~*~*~ (stealth).
  3461 | D:3      | 3461 ||| Stepping ~*~*~tactically~*~*~ (stealth).
  3478 | D:3      | 3478 ||| Stepping ~*~*~tactically~*~*~ (stealth).
  3481 | D:3      | 3481 ||| Stepping ~*~*~tactically~*~*~ (stealth).
  3484 | D:3      | 3484 ||| Stepping ~*~*~tactically~*~*~ (stealth).
  3485 | D:3      | 3485 ||| Stepping ~*~*~tactically~*~*~ (stealth).
  3496 | D:3      | HP: 7/30 [gnoll/+0 whip (1)]
  3497 | D:3      | 3497 ||| DRINKING potion of heal wounds.
  3505 | D:3      | Killed Robin
  3636 | D:3      | Found a shimmering altar of Xom.
  3644 | D:3      | Reached XP level 6. HP: 35/35 MP: 10/10
  3900 | D:3      | 3900 ||| Stepping ~*~*~tactically~*~*~ (hiding).
  4030 | D:3      | 4030 ||| UPGRADING to +2 hat.
  4035 | D:3      | 4035 ||| READING scroll labelled ROOPSI MYKANO.
  4036 | D:3      | 4036 ||| READING scroll labelled EQODEI LYEMURO.
  4037 | D:3      | 4037 ||| DRINKING 3 metallic ruby potions.
  4037 | D:3      | Gained mutation: You passively dampen the noise of your
                  | surroundings. [potion of mutation]
  4037 | D:3      | Gained mutation: You occasionally shout uncontrollably at
                  | your foes. [potion of mutation]
  4037 | D:3      | Gained mutation: You are partially covered in iridescent
                  | scales. (AC +2) [potion of mutation]
  4038 | D:3      | 4038 ||| READING 3 scrolls of identify.
  4038 | D:3      | 4038 ||| IDENTIFYING sedimented coppery potion
  4039 | D:3      | 4039 ||| READING 2 scrolls of identify.
  4039 | D:3      | 4039 ||| IDENTIFYING amethyst potion
  4040 | D:3      | 4040 ||| DROPPING potion of berserk rage.
  4041 | D:3      | 4041 ||| DROPPING potion of degeneration.
  4077 | D:4      | Noticed Duvessa
  4102 | D:4      | HP: 8/35 [Duvessa/+2 short sword of protection (3)]
  4104 | D:4      | HP: 1/35 [Duvessa/+2 short sword of protection (5)]
  4108 | D:4      | Slain by Duvessa

Levels and vault maps discovered:
D:1:      enne_arrival_octagon_isle, layout_loops_corners, serial_forest,
          infiniplex_forest_clump_medium, infiniplex_forest_lined_3,
          infiniplex_forest_clump_double, infiniplex_forest_lined_3,
          infiniplex_forest_lined_corner, infiniplex_forest_clump_small,
          infiniplex_forest_zigzag_1, infiniplex_forest_lined_room_,
          infiniplex_forest_lined_3, shapermc_ecumenical_altar_mp_ritualfount,
          serial_bayou_pond_e
D:2:      layout_rooms, lightli_corner_chamber
D:3:      layout_basic, mainiacjoe_overflow_concentric_impassable, uniq_robin,
          uniq_terence
D:4:      layout_rooms, general_overflow_altar, nicolae_tso_swordbearing_angel,
          nemelex_spade_bored_becter, temple_fountains, uniq_menkaure,
          uniq_duvessa, uniq_edmund

Skill      XL: |  1  2  3  4  5 |
---------------+----------------+-----
Axes           | 3 5 6 |  6.9
Fighting       | |  2.0
Throwing       | |  1.0
Armour         | |  1.1
Dodging        | |  2.1
Spellcasting   | |  2.0
Translocations | |  2.4

Action                   |  1- 3 |  4- 6 || total
-------------------------+-------+-------++-------
Melee: Hand axe          |   108 |    98 ||   206
       Kick              |    12 |    27 ||    39
       Peck              |    18 |    20 ||    38
       Punch             |     2 |     1 ||     3
Throw: Boomerang         |    11 |    14 ||    25
  Use: Scroll            |     2 |     6 ||     8
       Potion            |     1 |     4 ||     5
 Stab: Sleeping          |     1 |       ||     1
Armor: Leather armour    |    25 |       ||    25
       Scale mail        |    20 |    51 ||    71
Dodge: Dodged            |    61 |    68 ||   129

Table legend:
 A = Non-vault XP
 B = Vault XP
 C = Vault XP percentage of total XP
 D = Non-vault monster count
 E = Vault monster count
 F = Vault count percentage of total count
                 A         B        C        D         E       F
            +---------+---------+-------+---------+---------+-------
      Total |     305 |      72 |  19.1 |      69 |      13 |  15.9
            +---------+---------+-------+---------+---------+-------
        D:1 |      49 |       0 |   0.0 |      27 |       0 |   0.0
        D:2 |     107 |       0 |   0.0 |      21 |       0 |   0.0
        D:3 |     106 |      72 |  40.4 |      17 |      13 |  43.3
        D:4 |      43 |       0 |   0.0 |       4 |       0 |   0.0
            +---------+---------+-------+---------+---------+-------
